Map: Orbital Shipyard

Players

Wally

  • Race: Zerg Zerg

State - Winner!

  • Race: Protoss Protoss
  • League: Grandmaster

VOD

Have the link to the VOD?

Description

Time

  • Played on: Nov. 24, 2015, 11:36 p.m.
  • Length: 7:49
Show
View Real Time Build Order
Export as new Build Order

Wally Zerg 

Build Orders: Hatch First 

Get SALT Encoding   

  12  0:01  Drone  
  13  0:14  Overlord  
  13  0:17  Drone  
  14  0:32  Drone x2  
  16  0:37  Drone  
  17  0:52  Hatchery  
  17  0:55  Drone  
  17  0:58  Drone  
  18  1:15  Spawning Pool  
  18  1:16  Drone  
  18  1:19  Drone  
  19  1:43  Drone x2  
  21  1:51  Drone  
  22  1:59  Hatchery  
  21  2:03  Queen  
  21  2:05  Queen  
  25  2:09  Zergling x2  
  25  2:13  Overlord  
  26  2:16  Drone  
  26  2:21  Drone  
  28  2:32  Drone  
  28  2:33  Drone, Overlord  
  30  2:41  Overlord  
  30  2:44  Zergling x2  
  30  2:47  Zergling x2  
  32  2:56  Zergling x2, Extractor  
  32  2:58  Zergling x2  
  33  3:07  Zergling x2  
  33  3:08  Zergling x2  
  35  3:14  Zergling x14  
  35  3:19  Evolution Chamber  
  41  3:23  Zergling x4  
  41  3:24  Zergling x2  
  41  3:25  Queen  
  46  3:32  Zergling x4  
  46  3:33  Zergling x2  
  49  3:59  Zergling x18  
  57  4:02  Overlord  
  57  4:04  Overlord  
  57  4:17  Drone  
  57  4:19  Overlord  
  57  4:21  Overlord  
  55  4:25  Metabolic Boost  
  55  4:28  Drone x3  
  54  4:33  Drone  
  54  4:34  Drone  
  53  4:42  Drone x3  
  53  4:44  Drone  
  57  4:52  Drone x2  
  58  4:53  Drone x2  
  54  5:00  Drone  
  54  5:01  Drone x3  
  54  5:06  Drone x3  
  58  5:12  Drone x2  
  58  5:13  Drone  
  58  5:14  Drone  
  61  5:21  Drone  
  62  5:25  Zerg Melee Weapons Level 1  
  62  5:27  Drone  
  62  5:28  Drone, Extractor  
  64  5:29  Baneling Nest  
  64  5:31  Extractor  
  64  5:33  Drone x3  
  64  5:37  Overlord  
  64  5:40  Drone x3  
  64  5:41  Drone x2  
  69  5:45  Overlord  
  69  5:48  Drone x3  
  72  5:50  Overlord  
  72  5:57  Drone  
  73  6:00  Drone x2  
  74  6:05  Pneumatized Carapace  
  74  6:10  Zergling x4, Extractor  
  74  6:11  Zergling x10  
  82  6:25  Drone x2  
  82  6:28  Lair  
  82  6:29  Zergling x10  
  82  6:31  Overlord  
  87  6:32  Baneling  
  87  6:33  Baneling x3  
  87  6:34  Hatchery  
  87  6:37  Zergling x4  
  87  6:38  Zergling x2  
  87  6:39  Overlord  
  90  6:47  Zergling x10  
  94  6:57  Baneling x8  
  94  7:03  Zergling x6  
  94  7:04  Zergling x10  
  102  7:10  Overlord  
  102  7:11  Baneling  
  102  7:12  Baneling x4  
  100  7:15  Zergling x6  
  100  7:16  Zergling x4  
  100  7:17  Baneling  
  100  7:18  Baneling  
  104  7:23  Overlord  
Show
View Real Time Build Order
Export as new Build Order

State Protoss - Winner!

Build Orders: Nexus First 

Get SALT Encoding   

  12  0:01  Probe (Chrono Boost)  
  13  0:11  Probe (Chrono Boost)  
  14  0:18  Pylon  
  14  0:22  Probe (Chrono Boost)  
  15  0:37  Probe (Chrono Boost)  
  16  0:47  Probe (Chrono Boost)  
  17  1:03  Nexus  
  18  1:04  Probe (Chrono Boost)  
  18  1:15  Gateway  
  18  1:17  Probe (Chrono Boost)  
  19  1:25  Assimilator  
  19  1:28  Probe (Chrono Boost)  
  19  1:30  Assimilator  
  20  1:38  Probe (Chrono Boost)  
  20  1:39  Pylon  
  21  1:49  Probe (Chrono Boost)  
  22  1:59  Probe (Chrono Boost)  
  23  2:02  Cybernetics Core  
  23  2:15  Probe x2 (Chrono Boost)  
  25  2:25  Probe (Chrono Boost)  
  25  2:26  Probe (Chrono Boost)  
  27  2:36  Probe x2 (Chrono Boost), Nexus  
  29  2:39  Sentry  
  29  2:41  Warp Gate (Chrono Boost)  
  31  2:47  Probe (Chrono Boost)  
  31  2:51  Mothership Core (Chrono Boost)  
  34  2:57  Probe (Chrono Boost)  
  35  2:59  Pylon  
  35  3:06  Sentry  
  35  3:08  Probe (Chrono Boost)  
  35  3:11  Pylon  
  38  3:17  Probe (Chrono Boost)  
  38  3:19  Gateway  
  39  3:21  Gateway  
  39  3:22  Probe (Chrono Boost)  
  40  3:29  Probe (Chrono Boost)  
  40  3:33  Forge  
  41  3:35  Probe (Chrono Boost)  
  41  3:37  Sentry  
  41  3:40  Probe (Chrono Boost)  
  45  3:45  Probe (Chrono Boost)  
  46  3:48  Probe (Chrono Boost)  
  46  3:50  Probe (Chrono Boost)  
  46  3:51  Protoss Ground Weapons Level 1 (Chrono Boost), Robotics Facility  
  46  3:54  Pylon  
  48  3:57  Probe (Chrono Boost)  
  48  3:59  Probe (Chrono Boost)  
  48  4:01  Probe (Chrono Boost)  
  51  4:06  Probe (Chrono Boost)  
  53  4:10  Probe  
  53  4:12  Probe  
  53  4:17  Probe  
  54  4:22  Probe  
  52  4:24  Probe  
  52  4:28  Pylon  
  52  4:29  Probe  
  53  4:34  Probe  
  53  4:35  Pylon  
  53  4:36  Probe  
  55  4:39  Probe  
  55  4:42  Warp Prism (Chrono Boost)  
  58  4:48  Probe  
  58  4:50  Adept  
  61  4:58  Probe  
  58  5:00  Probe  
  58  5:03  Sentry  
  60  5:07  Assimilator  
  60  5:08  Probe, Assimilator  
  60  5:09  Probe  
  60  5:12  Probe  
  63  5:19  Probe  
  63  5:20  Probe  
  65  5:25  Adept x2  
  65  5:26  Probe  
  65  5:28  Gateway  
  70  5:29  Gateway  
  70  5:34  Gateway  
  70  5:35  Gateway  
  70  5:37  Pylon  
  70  5:40  Adept  
  70  5:41  Probe  
  72  5:42  Probe  
  72  5:43  Probe  
  74  5:51  Assimilator  
  74  5:52  Gateway  
  74  5:54  Gateway  
  74  5:58  Probe  
  74  5:59  Probe  
  74  6:00  Probe  
  75  6:05  Stalker x2  
  75  6:09  Probe  
  80  6:11  Probe  
  80  6:12  Probe  
  80  6:14  Photon Cannon  
  80  6:17  Photon Cannon  
  82  6:19  Probe  
  82  6:24  Probe x2  
  85  6:28  Pylon  
  85  6:31  Pylon x2  
  85  6:38  Pylon x2  
  85  6:53  Gateway x2  
  85  6:55  Stalker  
  85  6:56  Stalker x5  
  85  6:57  Adept  
  85  6:58  Adept  
  90  7:18  Adept x7  
  90  7:19  Adept x2  
  90  7:20  Probe x3  
  108  7:32  Probe  
  108  7:33  Probe x2  
  111  7:41  Stalker x2, Adept x2  
  111  7:42  Adept x3  
Tags
 
Add a new tag
Caveats
  • Supply blocks, unpowered buildings, or Contaminate may cause inaccurate times.
  • Supply counts are checked every 10 seconds.